 Dungeon Crawl Stone Soup version 0.28-a0-1447-ga5a8893891 (webtiles) character file.

Game seed: 1815083609189016558

3000 shadowrider38 the Fighter (level 9, -16/81 HPs)
             Began as a Pale Draconian Brigand on Jan 11, 2022.
             Was an Initiate of Gozag.
             Killed by the air
             ... invoked by Gastronok
              (35 damage)
             ... on level 8 of the Dungeon.
             The game lasted 00:32:14 (11680 turns).

shadowrider38 the Fighter (Pale Draconian Brigand) Turns: 11680, Time: 00:32:18

Health: -16/81     AC:  9    Str: 18    XL:     9   Next: 54%
Magic:  16/16      EV: 12    Int: 14    God:    Gozag
Gold:   619        SH:  0    Dex: 12    Spells: 14/17 levels left

rFire   + . .      SeeInvis +   a - +3 falchion of Doubt {speed, rElec rN+++ Str-3 SInv}
rCold   . . .      Faith    .   (no shield)
rNeg    + + +      Spirit   .   (armour unavailable)
rPois   .          Reflect  .   r - +0 hat
rElec   +          Harm     .   b - +0 cloak
rCorr   +          Rampage  .   (no gloves)
Will    .....                   G - +0 pair of boots
Stlth   ++........              E - amulet "Riwnim" {Acrobat rN+ rCorr Str+5}
HPRegen 0.23/turn               i - ring of protection from fire
MPRegen 0.15/turn               u - ring of positive energy

@: no status effects
A: breathe steam, AC +7, unfitting armour, cold-blooded, steam resistance
a: Breathe Steam, Renounce Religion, Potion Petition, Call Merchant, Bribe
Branch


You were on level 8 of the Dungeon.
You worshipped Gozag.
Gozag was pleased with you.
You visited 2 branches of the dungeon, and saw 9 of its levels.

You collected 715 gold pieces.
You paid 96 gold pieces to Gozag.

Inventory:

Hand Weapons
 a - the +3 falchion of Doubt (weapon) {speed, rElec rN+++ Str-3 SInv}
   (You took it off a gnoll on level 7 of the Dungeon)

   Attacks with this weapon are significantly faster.
   Str:       It affects your strength (-3).
   rElec:     It insulates you from electricity.
   rN:        It renders you almost immune to negative energy.
   SInv:      It lets you see invisible.
 D - a +4 dagger of venom
 F - a +2 flail of holy wrath
Missiles
 c - 31 poisoned darts
 d - a curare-tipped dart
 l - 331 stones
 q - 4 boomerangs
 B - a throwing net
Armour
 b - a +0 cloak (worn)
 r - a +0 hat (worn)
 G - a +0 pair of boots (worn)
Jewellery
 i - a ring of protection from fire (left hand)
 u - a ring of positive energy (right hand)
 E - the amulet "Riwnim" (around neck) {Acrobat rN+ rCorr Str+5}
   (You found it on level 7 of the Dungeon)

   [amulet of the acrobat]

   It increases your evasion while moving and waiting.
   Str:       It affects your strength (+5).
   rN:        It protects you from negative energy.
   rCorr:     It protects you from acid and corrosion.
Wands
 x - a wand of mindburst (11)
Scrolls
 h - 2 scrolls of teleportation
 j - a scroll of noise {unknown}
 k - a scroll of fear {unknown}
 m - a scroll of amnesia {unknown}
 n - a scroll of summoning {unknown}
 p - 3 scrolls of immolation
 s - 3 scrolls of magic mapping {unknown}
 t - a scroll of fog
 w - a scroll of blinking {unknown}
 y - a scroll of holy word {unknown}
 z - 3 scrolls of identify
 A - 2 scrolls of enchant armour {unknown}
Potions
 e - a potion of brilliance
 f - 3 potions of curing
 g - 2 potions of ambrosia
 o - 2 potions of attraction
 v - a potion of lignification
 C - 2 potions of cancellation {unknown}


   Skills:
 - Level 8.0 Fighting
 - Level 2.0 Short Blades
 - Level 2.0 Throwing
 - Level 2.0 Dodging
 - Level 4.0 Stealth
 + Level 4.8 Spellcasting
 - Level 6.0 Conjurations
 - Level 6.0 Earth Magic
 - Level 4.0 Evocations


You had 14 spell levels left.
You knew the following spells:

 Your Spells              Type           Power      Damage    Failure   Level
a - Stone Arrow           Conj/Erth      40%        3d9       4%          3

Your spell library contained the following spells:

 Spells                   Type           Power      Damage    Failure   Level
 Animate Dead             Necr           1%         N/A       87%         4
 Summon Lightning Spire   Summ/Air       3%         N/A       87%         4
 Haunt                    Necr/Summ      1%         N/A       100%        7
 Storm Form               Tmut/Air       1%         N/A       100%        7
 Infestation              Necr           1%         N/A       100%        8
 Lehudib's Crystal Spear  Conj/Erth      10%        10d4      100%        8
 Maxwell's Capacitive Co  Air            1%         ∞         100%        8
 Animate Armour           Summ/Erth      Unusable   N/A       N/A         4

Dungeon Overview and Level Annotations

Branches:
Dungeon (8/15)             Temple (1/1) D:6
   Lair: D:8-11

Altars:
Ashenzari
Cheibriados
Dithmenos
Elyvilon
Fedhas
Gozag
Hepliaklqana
Kikubaaqudgha
Nemelex Xobeh
Okawaru
Qazlal
Ru
Sif Muna
Trog
Uskayaw
Vehumet
Wu Jian
Xom
Yredelemnul
Zin
The Shining One

Annotations:
D:3 1 runed translucent door, Crazy Yiuf
D:8 Gastronok


Innate Abilities, Weirdness & Mutations

You can breathe blasts of scalding, opaque steam.
Your pale cyan-grey scales are hard. (AC +7)
You cannot fit into any form of body armour.
You are cold-blooded and may be slowed by cold attacks.
You are immune to the effects of steam.


Message History

You slash Gastronok! You tail-slap Gastronok.
Gastronok is severely wounded.
You hit Gastronok.
You tail-slap Gastronok, but do no damage.
Gastronok is severely wounded.
You hit Gastronok.
Gastronok is severely wounded.
Gastronok bites you!!
You hit Gastronok.
Gastronok is severely wounded.
Gastronok looks more healthy.
You hit Gastronok.
Gastronok is severely wounded.
Gastronok bites you.
You completely miss Gastronok.
Gastronok is severely wounded.
Press: ? - help, v - describe, . - travel
Here: Gastronok, wearing a +1 hat (severely wounded, covering ground quickly)
The floor, spattered with blood.
You slash Gastronok!
Gastronok is severely wounded.
Gastronok's eyestalks stretch out, then return to normal size.
You hit Gastronok.
You tail-slap Gastronok, but do no damage.
Gastronok is severely wounded.
You slash Gastronok!
Gastronok is almost dead.
You hit Gastronok.
Gastronok is almost dead.
Gastronok bites you!
* * * LOW HITPOINT WARNING * * *
You slash Gastronok!
Gastronok is almost dead.
You hit Gastronok.
Gastronok is almost dead.
Gastronok gurgles, "I'll eat you, I will!"
Gastronok waves his eye-stalks in wide circles.
The air twists around and strikes you!!
You die...
Your body crumbles into a pile of gold.

#.............
#........≈≈.≈≈..
##......≈..≈.≈..≈
#.......≈≈.....≈≈
#..........._....
#.......≈≈.....≈≈
##....<..≈..≈.≈..≈
###..........≈≈.≈≈..
..........#.@w...(..
..........#####....#
............... ###
##.............
###...........#
###........##
###.....## ###..##
###


You could see Gastronok (swift).

Vanquished Creatures
  Sigmund (D:2)
  A wyvern (D:7)
  A steam dragon (D:6)
  Eustachio (D:6)
  3 water moccasins
  An orc warrior (D:5)
  A sky beast (D:6)
  A black bear (D:4)
  2 ogres
  2 phantoms
  2 kobold brigands (D:7)
  3 bullfrogs (D:7)
  A scorpion (D:4)
  A water moccasin zombie (D:5)
  5 howler monkeys
  An electric eel (D:7)
  A bullfrog zombie (D:6)
  A jelly (D:4)
  4 hounds
  3 bullfrog skeletons
  A centaur skeleton (D:7)
  A gnoll shaman (D:6)
  An orc priest (D:4)
  Terence (D:3)
  An iguana (D:6)
  Natasha (thrice) (D:4)
  An orc wizard (D:6)
  A hound skeleton (D:4)
  A mummy (D:6)
  A howler monkey zombie (D:5)
  Robin (D:2)
  12 gnolls
  5 adders
  2 howler monkey skeletons
  An adder skeleton (D:4)
  A worm (D:5)
  3 dart slugs
  8 orcs
  10 endoplasms
  2 giant cockroaches
  9 goblins
  11 hobgoblins
  A quokka (D:2)
  9 ball pythons
  5 bats
  6 frilled lizards (D:2)
  11 kobolds
  4 rats
  A spectral goblin (D:5)
150 creatures vanquished.

Vanquished Creatures (others)
  13 fungi (D:8)
  15 plants (D:8)
28 creatures vanquished.

Grand Total: 178 creatures vanquished

Notes
Turn   | Place    | Note
-------+----------+-------------------------------------------
     0 | D:1      | shadowrider38 the Draconian Brigand began the quest for the
                  | Orb.
     0 | D:1      | Reached XP level 1. HP: 17/17 MP: 1/1
   156 | D:1      | Reached skill level 3 in Fighting
   265 | D:1      | Reached XP level 2. HP: 24/26 MP: 2/2
  1222 | D:2      | Reached XP level 3. HP: 33/33 MP: 3/3
  1277 | D:2      | Reached skill level 4 in Fighting
  1332 | D:2      | Noticed Sigmund
  1353 | D:2      | Killed Sigmund
  1354 | D:2      | Reached skill level 6 in Fighting
  1354 | D:2      | Reached XP level 4. HP: 22/44 MP: 4/4
  1354 | D:2      | Reached XP level 5. HP: 25/50 MP: 5/5
  1587 | D:2      | Found a faded altar of an unknown god.
  1594 | D:2      | Reached skill level 1 in Dodging
  1727 | D:2      | Noticed Robin
  1786 | D:2      | Killed Robin
  2233 | D:2      | Learned a level 3 spell: Stone Arrow
  2624 | D:3      | Noticed Terence
  3299 | D:3      | Found a runed translucent door.
  3300 | D:3      | Noticed Crazy Yiuf
  3598 | D:3      | Killed Terence
  3599 | D:3      | Reached skill level 1 in Conjurations
  3599 | D:3      | Reached XP level 6. HP: 38/57 MP: 6/6
  4227 | D:4      | Reached skill level 1 in Earth Magic
  4296 | D:4      | Noticed Natasha
  4338 | D:4      | Killed Natasha
  4371 | D:4      | Noticed Natasha
  4385 | D:4      | Killed Natasha
  4862 | D:4      | Noticed Natasha
  4876 | D:4      | Reached skill level 7 in Fighting
  4876 | D:4      | Your scales start taking on a pale cyan-grey colour.
  4876 | D:4      | Reached XP level 7. HP: 33/66 MP: 7/7
  4876 | D:4      | Gained mutation: You are immune to the effects of steam.
                  | [Pale Draconian growth]
  4878 | D:4      | Killed Natasha
  5268 | D:4      | Found a shimmering blue altar of Sif Muna.
  5269 | D:4      | Found an ancient bone altar of Kikubaaqudgha.
  5270 | D:4      | Found a blossoming altar of Fedhas.
  5396 | D:5      | Entered Level 5 of the Dungeon
  5558 | D:5      | Reached skill level 8 in Fighting
  6442 | D:5      | Reached XP level 8. HP: 58/74 MP: 0/8
  6651 | D:5      | Found a hazy altar of Hepliaklqana.
  6705 | D:6      | Found a white marble altar of Elyvilon.
  6713 | D:6      | Reached skill level 1 in Spellcasting
  7665 | D:6      | Reached skill level 1 in Evocations
  7770 | D:6      | Noticed Eustachio
  7778 | D:6      | Found a staircase to the Ecumenical Temple.
  7787 | Temple   | Entered the Ecumenical Temple
  7847 | Temple   | Became a worshipper of Gozag Ym Sagoz the Greedy
  8097 | D:6      | Found a snail-covered altar of Cheibriados.
  8368 | D:6      | Killed Eustachio
  8369 | D:6      | Reached XP level 9. HP: 29/81 MP: 1/15
  8701 | D:6      | Reached skill level 5 in Conjurations
  9997 | D:7      | Identified the +3 falchion of Doubt {speed, rElec rN+++
                  | Str-3 SInv}
 10132 | D:7      | Reached skill level 5 in Earth Magic
 10643 | D:7      | Identified the amulet "Riwnim" {Acrobat rN+ rCorr Str+5}
 11637 | D:8      | Found a bloodstained altar of Trog.
 11647 | D:8      | Noticed Gastronok
 11680 | D:8      | Killed from afar by Gastronok

Illustrated notes

Levels and vault maps discovered:
D:1:      dpeg_arrival_round_c, layout_basic
D:2:      layout_loops_ring, hellmonk_ecumenical_altar_heavens_door,
          kennysheep_generic_room_6, uniq_robin, uniq_sigmund
D:3:      layout_loops_ring, minmay_misc_feat_diagonals,
          minmay_misc_feat_columns, minmay_cut_off, uniq_terence,
          uniq_crazy_yiuf_cottage
D:4:      layout_basic, gammafunk_temple_overflow_claw, minivault_27,
          kennysheep_another_room, uniq_natasha
D:5:      layout_rooms, nicolae_hepliaklqana_monster_ancestors
D:6:      layout_loops_ring, slow_altar_1, elyvilon_altar_5,
          minmay_temple_entry_tees, kennysheep_small_circle, uniq_eustachio
D:7:      layout_loops_ring, nrook_pool_corridor
D:8:      layout_layer_cave, mainiacjoe_overflow_small_starburst,
          mainiacjoe_overflow_catwalk, due_lair_maze_entry_diamond,
          uniq_gastronok
Temple:   eino_temple_lava

Skill      XL: |  1  2  3  4  5  6  7  8  9 |
---------------+----------------------------+-----
Fighting       | 3 6 7 8 |  8.0
Stealth        | 4 |  4.0
Throwing       | 2 |  2.0
Dodging        | 2 |  2.0
Conjurations   | 1 2 3 4 6 |  6.0
Earth Magic    | 2 4 6 |  6.0
Spellcasting   | 4 |  4.8
Evocations     | 4 |  4.0
Short Blades   | |  2.0

Action                   |  1- 3 |  4- 6 |  7- 9 || total
-------------------------+-------+-------+-------++-------
Melee: Dagger            |    75 |   179 |   376 ||   630
       Tailslap          |     9 |    25 |    75 ||   109
       Punch             |       |     1 |    12 ||    13
       Falchion          |       |       |    92 ||    92
Throw: Dart              |     3 |     4 |    12 ||    19
       Boomerang         |       |       |     6 ||     6
 Cast: Stone Arrow       |       |       |    39 ||    39
 Abil: Breathe Steam     |       |       |     1 ||     1
Evoke: Wand              |       |       |     2 ||     2
  Use: Scroll            |       |     5 |     4 ||     9
 Stab: Sleeping          |     6 |     8 |     1 ||    15
       Distracted        |       |     1 |     1 ||     2
Armor: Skin              |    24 |    34 |   141 ||   199
Dodge: Dodged            |    29 |    80 |   281 ||   390

Table legend: (Time is in decaauts)
 A = Elapsed time spent in this place.
 B = Non-inter-level travel time spent in this place.
 C = Inter-level travel time spent in this place.
 D = Time resting spent in this place.
 E = Time spent auto-exploring this place.
 F = Levels seen in this place.
 G = Mean time per level.
                   A        B        C        D        E       F      G
               +--------+--------+--------+--------+--------+-----+--------+
         Total |  11618 |  10784 |    834 |   4810 |   3808 |   9 | 1290.9 |
       Dungeon |  11547 |  10724 |    823 |   4810 |   3760 |   8 | 1443.4 |
        Temple |     71 |     60 |     11 |      0 |     48 |   1 |   71.0 |
               +--------+--------+--------+--------+--------+-----+--------+

Top non-repeatable levels by time:
     D:6: 2229 daAuts
     D:7: 1927 daAuts
     D:4: 1737 daAuts
     D:5: 1661 daAuts
     D:2: 1625 daAuts
     D:3: 1404 daAuts
     D:1: 914 daAuts
  Temple: 71 daAuts
     D:8: 47 daAuts
